 Dungeon Crawl Stone Soup version 0.32-a0-918-g0f22ef8d61 (webtiles) character file.

Game seed: 7331659294213853771

64636 GiantSquids the Executioner (level 14, -4/118 HPs)
             Began as a Mountain Dwarf Fighter on Apr 10, 2024.
             Was the Champion of Okawaru.
             Incinerated by a smoke demon (8 damage)
             ... with a pyre arrow
             ... on level 5 of the Lair of Beasts.
             The game lasted 01:05:01 (14852 turns).

GiantSquids the Executioner (MDFi)                 Turns: 14852, Time: 01:05:01

Health: -4/118     AC: 40    Str: 30    XL:     14   Next: 35%
Magic:  30/30      EV: 10    Int:  6    God:    Okawaru [******]
Gold:   1158       SH:  0    Dex:  9    Spells: 10/13 levels left

rFire   . . .        S - +3 executioner's axe (pain)
rCold   + . .        (shield currently unavailable)
rNeg    + + .        c - +12 crystal plate armour "Richuet" {^Contam MP+9 Str+5}
rPois   .            g - +0 helmet
rElec   .            L - +0 cloak
rCorr   .            M - +0 pair of gloves
SInv    .            R - +3 pair of seven-league boots {Rampage+∞}
Will    +....        y - amulet of regeneration Stlth
                     A - ring "Fimm" {Fly rC+ rN++ Int-2 Stlth+}
HPRegen 1.19/turn    p - +5 ring of evasion
MPRegen 0.22/turn

%: rampage+∞
@: on fire, flying, glowing
A: runic magic, artefact enchanting
a: Renounce Religion, Heroism, Finesse, Duel


You were on level 5 of the Lair of Beasts.
You worshipped Okawaru.
Okawaru was exalted by your worship.
You visited 2 branches of the dungeon, and saw 17 of its levels.
You also visited: Ice Cave.

You collected 1210 gold pieces.
You spent 52 gold pieces at shops.

Inventory:

Hand Weapons
 a - a +0 war axe of protection
 K - the +2 hammer "Mycsor" {flame, rPois rCorr SInv}
   (You found it on level 6 of the Dungeon)

   rPois:     It protects you from poison.
   SInv:      It lets you see invisible.
   rCorr:     It protects you from acid and corrosion.
 S - a +3 executioner's axe of pain (weapon)
Missiles
 b - 2 throwing nets
 e - 179 stones (quivered)
 B - 8 atropa-tipped darts
 F - 3 javelins
 Q - 14 boomerangs
 T - a datura-tipped dart
Armour
 c - the +12 crystal plate armour "Richuet" (worn) {^Contam MP+9 Str+5}
   (Okawaru gifted it to you on level 9 of the Dungeon)

   Str+5:     It affects your strength (+5).
   MP+9:      It affects your magic capacity (+9).
   ^Contam:   It causes magical contamination when unequipped.
 g - a +0 helmet (worn)
 L - a +0 cloak (worn)
 M - a +0 pair of gloves (worn)
 R - the +3 pair of seven-league boots (worn) {Rampage+∞}
   (You acquired it on level 2 of the Lair of Beasts)

   Rampage+∞: When moving toward enemies, its wearer moves as far as possible,
   alerting their target en route.
Jewellery
 f - a ring of see invisible
 k - a ring of protection from fire
 o - a +4 ring of protection
 p - a +5 ring of evasion (right hand)
 t - a ring of resist corrosion
 x - an amulet of the acrobat
 y - an amulet of regeneration (around neck)
 z - a ring of flight
 A - the ring "Fimm" (left hand) {Fly rC+ rN++ Int-2 Stlth+}
   (You found it in an ice cave)

   [ring of protection from cold]

   Int-2:     It affects your intelligence (-2).
   rC+:       It protects you from cold.
   rN++:      It greatly protects you from negative energy.
   Fly:       It grants you flight.
   Stlth+:    It makes you more stealthy.
Wands
 h - a wand of polymorph (4)
 q - a wand of light (15)
 w - a wand of roots (17)
 D - a wand of mindburst (26)
 O - a wand of digging (3)
Scrolls
 d - a scroll of blinking
 i - a scroll of fog
 j - 2 scrolls of teleportation
 s - 4 scrolls of poison
 u - 2 scrolls of immolation
 v - a scroll of vulnerability
 H - a scroll of silence
 V - a scroll of brand weapon
Potions
 l - 4 potions of brilliance
 m - 10 potions of ambrosia
 n - 3 potions of haste
 r - 3 potions of invisibility
 C - 2 potions of mutation
 E - a potion of lignification
 I - 2 potions of resistance
 J - a potion of berserk rage {unknown}
 N - 5 potions of curing
 P - 2 potions of enlightenment {unknown}
 U - a potion of magic {unknown}


   Skills:
 - Level 9.5 Fighting
 + Level 21.5 Axes
 - Level 9.4 Armour
 - Level 3.2 Shields
 + Level 16.1 Necromancy
 - Level 10.4 Invocations


You had 10 spell levels left.
You knew the following spells:

 Your Spells              Type           Power      Damage    Failure   Level
a - Fugue of the Fallen   Necr           19%        N/A       1%          3

Your spell library contained the following spells:

 Spells                   Type           Power      Damage    Failure   Level
 Magic Dart               Conj           0%         1d3       75%         1
 Blink                    Tloc           0%         N/A       86%         2
 Jinxbite                 Hex            0%         N/A       86%         2
 Static Discharge         Conj/Air       0%         3-3/arc   86%         2
 Frozen Ramparts          Ice            0%         1d1       98%         3
 Inner Flame              Hex/Fire       0%         N/A       98%         3
 Ozocubu's Armour         Ice            0%         N/A       98%         3
 Passwall                 Erth           0%         N/A       98%         3
 Volatile Blastmotes      Fire/Tloc      0%         2d10      98%         3
 Airstrike                Air            0%         2d(0-16)  100%        4
 Cause Fear               Hex            0%         N/A       100%        4
 Flame Wave               Conj/Fire      0%         2d4       100%        4
 Ignite Poison            Fire/Alch      0%         N/A       100%        4
 Sticky Flame             Fire/Alch      0%         2d4       100%        4
 Vhi's Electric Charge    Tloc/Air       0%         N/A       100%        4
 Fireball                 Conj/Fire      0%         3d3       100%        5
 Metabolic Englaciation   Hex/Ice        0%         N/A       100%        5
 Yara's Violent Unravell  Hex/Alch       0%         3d3       100%        5
 Bombard                  Conj/Erth      0%         9d1       100%        6
 Enfeeble                 Hex            0%         N/A       100%        7
 Manifold Assault         Tloc           0%         N/A       100%        7
 Ignition                 Fire           0%         3d3       100%        8
 Call Imp                 Summ           Unusable   N/A       N/A         2
 Summon Lightning Spire   Summ/Air       Unusable   N/A       N/A         4
 Dragon's Call            Summ           Unusable   N/A       N/A         9

Dungeon Overview and Level Annotations

Branches:
Dungeon (12/15)            Temple (0/1) D:5            Lair (5/5) D:8
  Swamp (0/4) Lair:2       Spider (0/4) Lair:3        Slime (0/5) Lair:4
    Orc (0/2) D:9           IceCv (visited)

Altars:
Ashenzari
Cheibriados
Dithmenos
Hepliaklqana
Kikubaaqudgha
Okawaru
Sif Muna
Trog
Uskayaw
Vehumet
Wu Jian
Yredelemnul
Zin
Lugonu

Shops:
D:2 (*   D:3 *   D:4 *   D:9 ?

Annotations:
D:9 exclusion: door
D:12 Rupert, Snorg


Innate Abilities, Weirdness & Mutations

Your spellcasting is much less encumbered by armour.
You can use scrolls of enchantment on lesser artefacts.


Message History

* * * LOW HITPOINT WARNING * * *
The smoke demon hits you but does no damage.
The large abomination hits you!!
* * * LOW HITPOINT WARNING * * *
The smoke demon hits you but does no damage. x3
Okay, then.
You feel much better. The liquid fire burns you!
* * * LOW HITPOINT WARNING * * *
The large abomination closely misses you.
The smoke demon closely misses you.
The smoke demon hits you but does no damage.
The smoke demon hits you.
* * * LOW HITPOINT WARNING * * *
The smoke demon hits you.
* * * LOW HITPOINT WARNING * * *
The smoke demon hits you.
* * * LOW HITPOINT WARNING * * *
The smoke demon hits you but does no damage.
You feel much better. The liquid fire burns you!
* * * LOW HITPOINT WARNING * * *
The large abomination closely misses you.
The smoke demon gestures at you. Something smites you!
* * * LOW HITPOINT WARNING * * *
The smoke demon hits you but does no damage. x3
Okay, then.
Blink to where?
Press: ? - help, Dir - move target A raiju comes into view.
Found three spriggan skeletons.
Found a corrupted altar of Lugonu.
As you read the scroll of blinking, it crumbles to dust.
The liquid fire burns you!
* * * LOW HITPOINT WARNING * * *
Your surroundings suddenly seem different.
The raiju moves out of view.
You shake off some of the fire as you move.
The liquid fire burns you!
You die...

,#..P.P.......#####.......P.#..P#
,#............#..##.......#.#..##
.##..........##...#........####.#
.#...........##..................
###..............................
# #..÷.........#...##.....###....
# #P#.÷.......##P..#......####...
#######.......##...........##...#
...####.........@...........P....
...........).....................
.#.###.####.#....#.###.#..#.##.#.
#.## ### #####...#######.#.#####P
### ################### ##
############### ###############
###############


There were no monsters in sight!

Vanquished Creatures
  An azure jelly (IceCv)
  A quicksilver ooze (IceCv)
  A centaur warrior (D:10)
  A two-headed ogre (D:10)
  A boulder beetle (Lair:4)
  A death yak (Lair:3)
  2 thrashing horrors (Lair:5)
  Nergalle (Lair:2)
  3 skysharks (Lair:5)
  2 large abominations (Lair:5)
  A swamp dragon (Lair:2)
  Maurice (D:10)
  5 elephants (Lair:2)
  9 centaur zombies (D:9)
  Joseph (D:9)
  A smoke demon (Lair:5)
  3 black mambas (Lair:3)
  An ice statue (IceCv)
  4 gargoyles (D:9)
  A torpor snail (Lair:3)
  10 cane toads
  6 komodo dragons
  5 rime drakes
  2 efreet (D:9)
  An unseen horror (D:11)
  A queen bee (D:9)
  3 trolls
  2 polar bears
  2 hornets
  A tarantella (shapeshifter) (Lair:5)
  16 blink frogs (Lair:5)
  A raiju (Lair:5)
  4 dream sheep (Lair:4)
  18 slime creatures (IceCv)
  Sigmund (D:3)
  A spriggan (shapeshifter) (Lair:5)
  A shadow (D:10)
  5 wyverns
  2 wraiths
  4 ynoxinuls
  2 vampires (D:9)
  10 fire bats
  41 yaks
  4 basilisks
  2 steam dragons (D:9)
  3 redbacks (Lair:3)
  A fire elemental (D:9)
  A chaos spawn (Lair:5)
  3 great orb of eyes simulacra (IceCv)
  An acid dragon (D:11)
  15 water moccasins
  Duvessa (D:7)
  5 orc warriors
  11 small abominations (Lair:5)
  3 ice beasts
  3 ogres
  16 centaurs
  21 wolves
  2 phantoms
  3 slime creature simulacra (IceCv)
  2 kobold brigands
  11 bullfrogs
  2 glowing shapeshifter simulacra (IceCv)
  A scorpion (D:4)
  Dowan (D:7)
  5 wights
  28 killer bees
  3 howler monkeys
  A jelly (D:5)
  4 hounds
  4 orc priests
  Crazy Yiuf (D:6)
  A gnoll bouda (D:5)
  2 sleepcaps
  Jessica (D:2)
  3 iguanas
  7 orc wizards
  2 shapeshifter simulacra (IceCv)
  Robin (D:2)
  4 gnolls (D:5)
  6 adders
  2 shadow imps (D:7)
  13 ufetubi
  4 dart slugs
  A ribbon worm (D:3)
  27 orcs
  4 ball pythons
  6 bats
  13 endoplasms
  4 giant cockroaches
  12 goblins
  11 hobgoblins
  4 jackals (D:3)
  3 quokkas
  3 frilled lizards
  16 kobolds
  10 rats
498 creatures vanquished.

Notes
Turn   | Place    | Note
-------+----------+-------------------------------------------
     0 | D:1      | GiantSquids the Mountain Dwarf Fighter began the quest for
                  | the Orb.
     0 | D:1      | Reached XP level 1. HP: 19/19 MP: 1/1
    77 | D:1      | Reached skill level 3 in Axes
   147 | D:1      | Reached XP level 2. HP: 26/26 MP: 2/2
   547 | D:1      | Reached skill level 4 in Axes
   830 | D:1      | Reached XP level 3. HP: 31/31 MP: 3/3
   995 | D:2      | Noticed Robin
  1038 | D:2      | Killed Robin
  1039 | D:2      | Reached skill level 5 in Axes
  1147 | D:2      | Noticed Jessica
  1149 | D:2      | Killed Jessica
  1150 | D:2      | Reached XP level 4. HP: 38/38 MP: 4/4
  1230 | D:2      | Found Zaneome's Weapon Emporium.
  1602 | D:2      | Found a faded altar of an unknown god.
  1768 | D:2      | Found Aczooggu's Assorted Antiques.
  1785 | D:2      | You fall into a shaft and drop 2 floors!
  1785 | D:4      | Found a broken altar of Ashenzari.
  1791 | D:4      | Reached skill level 6 in Axes
  1808 | D:4      | Noticed a scorpion
  1819 | D:4      | Killed a scorpion
  1820 | D:4      | Reached XP level 5. HP: 35/45 MP: 5/5
  1919 | D:4      | Reached skill level 7 in Axes
  2279 | D:3      | Found Unupad's Assorted Antiques.
  2776 | D:3      | Noticed Sigmund
  2793 | D:3      | Killed Sigmund
  2794 | D:3      | Reached skill level 8 in Axes
  2794 | D:3      | Reached XP level 6. HP: 51/51 MP: 6/6
  2886 | D:4      | Found Fisetich's Assorted Antiques.
  2893 | D:4      | Reached skill level 9 in Axes
  2935 | D:4      | Found an iron altar of Okawaru.
  2968 | D:4      | Became a worshipper of Warmaster Okawaru
  3004 | D:4      | Found an ornate altar of the Wu Jian Council.
  3011 | D:4      | Reached XP level 7. HP: 57/57 MP: 7/7
  3223 | D:4      | Identified the +1 leather armour of Vuapoxkae {rF+ rC+
                  | Regen+ MP-9}
  3476 | D:5      | Entered Level 5 of the Dungeon
  3564 | D:5      | Reached skill level 10 in Axes
  3652 | D:5      | Reached * piety under Okawaru
  3852 | D:5      | Found a staircase to the Ecumenical Temple.
  3921 | D:5      | Reached skill level 11 in Axes
  3972 | D:5      | Found a bloodstained altar of Trog.
  4042 | D:5      | Reached XP level 8. HP: 63/63 MP: 8/8
  4053 | D:5      | Found a glowing silver altar of Zin.
  4136 | D:5      | Reached ** piety under Okawaru
  4141 | D:5      | Identified the blade talisman of the Locust {Will+}
  4445 | D:6      | Found a runed translucent door.
  4446 | D:6      | Noticed Crazy Yiuf
  4456 | D:6      | Killed Crazy Yiuf
  4458 | D:6      | Identified the +2 hammer "Mycsor" {flame, rPois rCorr SInv}
  4515 | D:6      | Found a hazy altar of Hepliaklqana.
  4515 | D:6      | Found a basalt altar of Yredelemnul.
  4583 | D:6      | Reached skill level 12 in Axes
  4790 | D:6      | Found a shadowy altar of Dithmenos.
  4937 | D:7      | Noticed Duvessa
  4938 | D:7      | Noticed Dowan
  4958 | D:7      | Killed Duvessa
  4959 | D:7      | Reached skill level 13 in Axes
  4970 | D:7      | Killed Dowan
  5042 | D:7      | Reached *** piety under Okawaru
  5153 | D:7      | Reached skill level 14 in Axes
  5153 | D:7      | Reached XP level 9. HP: 70/70 MP: 9/9
  5241 | D:7      | Found a radiant altar of Vehumet.
  5403 | D:7      | Found a shimmering blue altar of Sif Muna.
  5833 | D:8      | Reached skill level 15 in Axes
  5854 | D:8      | Reached **** piety under Okawaru
  5909 | D:7      | Reached skill level 16 in Axes
  5909 | D:7      | Reached skill level 1 in Invocations
  6024 | D:8      | Reached XP level 10. HP: 67/79 MP: 10/12
  6265 | D:8      | Found a staircase to the Lair.
  6352 | D:8      | Reached ***** piety under Okawaru
  6446 | D:8      | Reached skill level 5 in Fighting
  6446 | D:8      | Reached skill level 5 in Armour
  6582 | D:8      | Reached skill level 5 in Invocations
  7028 | D:9      | Found an ancient bone altar of Kikubaaqudgha.
  7047 | D:9      | Paralysed by a hornet for 1 turns
  7055 | D:9      | Received a gift from Okawaru
  7075 | D:9      | Noticed Joseph
  7100 | D:9      | Killed Joseph
  7136 | D:9      | Found a staircase to the Orcish Mines.
  7220 | D:9      | Reached skill level 17 in Axes
  7220 | D:9      | Reached XP level 11. HP: 40/91 MP: 15/15
  7378 | D:9      | Found Vaisi Ugeda's Magic Scroll Emporium.
  7383 | D:9      | Bought a scroll of identify for 26 gold pieces
  7515 | D:9      | Found a snail-covered altar of Cheibriados.
  7578 | D:9      | Received a gift from Okawaru
  7915 | D:9      | Received a gift from Okawaru
  7953 | D:9      | Identified the +8 spear of Qixzecwa {antimagic, Will+}
  8172 | D:9      | Identified the +5 morningstar "Apayhio" {flame, rF+ rCorr}
  8514 | D:9      | Reached ****** piety under Okawaru
  8518 | D:9      | Reached XP level 12. HP: 44/103 MP: 17/19
  8525 | D:9      | Identified the +4 scale mail of Vilebrag {Rampage Fly rPois
                  | Dex-5}
  8539 | D:9      | Acquired a +2 executioner's axe of pain
  8539 | D:9      | Received a gift from Okawaru
  8569 | D:9      | Acquired the +10 crystal plate armour "Richuet" {^Contam
                  | MP+9 Str+5}
  8569 | D:9      | Received a gift from Okawaru
  8681 | D:9      | Received a gift from Okawaru
  8808 | D:9      | Identified a scroll of acquirement
  8809 | D:9      | Acquired a manual of Necromancy
  8822 | D:10     | Entered Level 10 of the Dungeon
  8875 | D:10     | Reached skill level 1 in Necromancy
  8978 | D:10     | Reached skill level 18 in Axes
  9045 | D:10     | Noticed a centaur warrior
  9057 | D:10     | Killed a centaur warrior
  9065 | D:10     | Noticed Maurice
  9151 | D:10     | Noticed a two-headed ogre
  9157 | D:10     | Killed a two-headed ogre
  9504 | D:10     | Reached skill level 10 in Invocations
  9525 | D:10     | Something stole 14 boomerangs
  9527 | D:10     | Maurice stole an amulet of the acrobat
  9530 | D:10     | Maurice stole the +2 hammer "Mycsor" {flame, rPois rCorr
                  | SInv}
  9531 | D:10     | Maurice stole 634 gold
  9532 | D:10     | Killed Maurice
  9621 | D:10     | Found a hide-covered altar of Uskayaw.
  9918 | D:11     | Learned a level 3 spell: Fugue of the Fallen
 10481 | D:12     | Noticed Rupert
 10493 | D:12     | Noticed Snorg
 10617 | Lair:1   | Entered Level 1 of the Lair of Beasts
 10686 | Lair:1   | Reached skill level 5 in Necromancy
 10735 | Lair:1   | Received a gift from Okawaru
 10744 | Lair:1   | Identified the +9 long sword "Keivoxe" {heavy, MP+9 Int+3}
 11516 | Lair:2   | Reached skill level 19 in Axes
 11651 | Lair:2   | Found a staircase to the Swamp.
 11662 | Lair:2   | Reached XP level 13. HP: 103/111 MP: 20/20
 11777 | Lair:2   | Acquired the +3 pair of seven-league boots {Rampage+∞}
 11777 | Lair:2   | Found the +3 pair of seven-league boots {Rampage+∞}
 11803 | Lair:2   | Noticed Nergalle
 11815 | Lair:2   | Killed Nergalle
 11903 | Lair:2   | Reached skill level 10 in Necromancy
 11904 | Lair:2   | Received a gift from Okawaru
 12317 | Lair:3   | Found a hole to the Spider Nest.
 12843 | Lair:4   | Received a gift from Okawaru
 12920 | Lair:4   | Reached skill level 20 in Axes
 13174 | Lair:4   | Found a staircase to the Slime Pits.
 13532 | Lair:5   | Entered Level 5 of the Lair of Beasts
 13534 | Lair:5   | Upgraded the game from 0.32-a0-913-g739538afd8 to
                  | 0.32-a0-918-g0f22ef8d61
 13675 | Lair:5   | Received a gift from Okawaru
 13724 | Lair:5   | Found a frozen archway.
 13740 | IceCv    | Entered an ice cave
 13760 | IceCv    | Noticed a quicksilver ooze
 13763 | IceCv    | Killed a quicksilver ooze
 13983 | IceCv    | Reached XP level 14. HP: 118/118 MP: 21/21
 13988 | IceCv    | Reached skill level 15 in Necromancy
 14018 | IceCv    | Received a gift from Okawaru
 14030 | IceCv    | Found a viscous altar of Jiyva.
 14030 | IceCv    | Noticed an azure jelly
 14047 | IceCv    | Killed an azure jelly
 14110 | IceCv    | Got the ring "Fimm" {Fly rC+ rN++ Int-2 Stlth+}
 14111 | IceCv    | Identified the +4 ice dragon scales of the Saviour {rF-
                  | rC++ rN+ MP+9}
 14115 | IceCv    | Identified the +2 ring mail of Cynicism {-Tele Rampage
                  | rPois Stlth+}
 14261 | Lair:5   | Reached skill level 21 in Axes
 14389 | D:9      | Bought a scroll of identify for 26 gold pieces
 14698 | Lair:5   | Got an earthy gem with 291 turns to spare
 14840 | Lair:5   | Received a gift from Okawaru
 14848 | Lair:5   | HP: 1/118 [large abomination (23)]
 14851 | Lair:5   | Found a corrupted altar of Lugonu.
 14852 | Lair:5   | Incinerated by a smoke demon

Illustrated notes

Levels and vault maps discovered:
D:1:      minmay_arrival_checkered_box, layout_basic, nrook_campfire,
          minmay_tetromino_o2
D:2:      layout_loops_ring, serial_shops, nicolae_shop_just_a_little_nook,
          shop, shapermc_ecumenical_altar_gd, uniq_jessica, uniq_robin
D:3:      layout_basic, serial_shops, shop, uniq_sigmund
D:4:      layout_loops_ring, ashenzari_conservatory_becter, okawaru_gym_becter,
          mainiacjoe_overflow_six_doors_small, serial_shops,
          nicolae_stop_n_shop_1
D:5:      layout_basic, mainiacjoe_overflow_concentric_impassable,
          kennysheep_mini_moat, minmay_temple_entry_trees
D:6:      layout_rooms, mainiacjoe_overflow_large_starburst, pf_just_have_faith,
          uniq_crazy_yiuf_cottage
D:7:      layout_loops_ring, vehumet_crystals,
          mainiacjoe_overflow_surrounded_room, patterned_corridor, uniq_duvessa
D:8:      layout_gridville, minmay_lair_entry_grove, minmay_misc_feat_hallway,
          serial_park_tiny_pond
D:9:      regret_index_infernal_bastille, layout_basic,
          mainiacjoe_overflow_alcove_4, mainiacjoe_overflow_24_doors,
          orc_0_dummy, special_room [special_room_bee], serial_shops, shop,
          hangedman_incinerator, uniq_joseph
D:10:     layout_loops_cross, nicolae_uskayaw_suspiria, nicolae_sextant,
          nicolae_fort_ynox, uniq_maurice
D:11:     layout_loops_cross
D:12:     minmay_curly_fans, layout_rooms, uniq_rupert, uniq_nessos, uniq_snorg
Lair:1:   layout_loops_ring
Lair:2:   layout_gridlike, minmay_swamp_entry_reptiles, ldierk_geyser,
          uniq_nergalle
Lair:3:   layout_cellular_growth, spider_nest_entry_webs
Lair:4:   layout_regular_city, slime_entry_1, dreamdust_mushroom_princess
Lair:5:   hellmonk_lair_end_abyssal_woods, layout_regular_city,
          portal_ice_cave_entry_pillars_2, serial_bayou_shore_a,
          lemuel_fruit_fields

Skill      XL: |  1  2  3  4  5  6  7  8  9 10 11 12 13 14 |
---------------+-------------------------------------------+-----
Axes           | 3 4 5 6 8 9 11 14 16 17 19 20 21 | 21.5
Invocations    | 3 6 9 10 | 10.4
Fighting       | 4 6 8 9 |  9.5
Armour         | 4 6 8 9 |  9.4
Necromancy     | 9 14 16 | 16.1
Shields        | |  3.2

Action                     |  1- 3 |  4- 6 |  7- 9 | 10-12 | 13-15 || total
---------------------------+-------+-------+-------+-------+-------++-------
  Melee: War axe           |    98 |   116 |   125 |   588 |       ||   927
         Mace              |       |       |   278 |       |       ||   278
         Executioner's axe |       |       |       |   286 |   373 ||   659
  Throw: Stone             |       |       |     6 |       |       ||     6
   Cast: Fugue of the Fall |       |       |       |       |     1 ||     1
 Invoke: Finesse           |       |       |       |     4 |       ||     4
         Receive Weapon    |       |       |       |     1 |       ||     1
         Receive Armour    |       |       |       |     1 |       ||     1
  Evoke: Wand              |       |       |     2 |       |       ||     2
    Use: Scroll            |       |       |       |    22 |    12 ||    34
         Potion            |       |       |       |     2 |     4 ||     6
 Armour: Scale mail        |    54 |    19 |       |       |       ||    73
         Plate armour      |       |    38 |   264 |   545 |       ||   847
         Crystal plate arm |       |       |       |   460 |   339 ||   799
         Skin              |       |       |       |     9 |       ||     9
  Dodge: Dodged            |    59 |    88 |   201 |   525 |   149 ||  1022
  Block: Buckler           |    18 |    20 |    78 |   135 |       ||   251

Table legend: (Time is in decaauts)
 A = Elapsed time spent in this place.
 B = Non-inter-level travel time spent in this place.
 C = Inter-level travel time spent in this place.
 D = Time resting spent in this place.
 E = Time spent auto-exploring this place.
 F = Levels seen in this place.
 G = Mean time per level.
                   A        B        C        D        E       F      G
               +--------+--------+--------+--------+--------+-----+--------+
         Total |  14682 |  13587 |   1095 |    329 |   9327 |  18 |  815.7 |
       Dungeon |  10572 |   9775 |    797 |    200 |   6856 |  12 |  881.0 |
          Lair |   3604 |   3306 |    298 |     59 |   2367 |   5 |  720.8 |
      Ice Cave |    505 |    505 |      0 |     70 |    104 |   1 |  505.0 |
               +--------+--------+--------+--------+--------+-----+--------+

Top non-repeatable levels by time:
     D:9: 1816 daAuts
     D:8: 1076 daAuts
     D:1: 1072 daAuts
    D:10: 1002 daAuts
     D:5: 954 daAuts
     D:7: 941 daAuts
     D:2: 906 daAuts
  Lair:1: 808 daAuts
     D:4: 783 daAuts
     D:3: 768 daAuts
  Lair:4: 761 daAuts
    D:11: 727 daAuts
  Lair:3: 723 daAuts
  Lair:2: 710 daAuts
  Lair:5: 600 daAuts
